 Dungeon Crawl Stone Soup version 0.20-a0-1089-g3fde505 (webtiles) character file.

156 Murumi the Sneak (level 5, 0/38 HPs)
             Began as a Vampire Enchanter on May 3, 2017.
             Slain by a gnoll
             ... wielding a +0 halberd
              (11 damage)
             ... on level 3 of the Dungeon.
             The game lasted 00:07:53 (2394 turns).

Murumi the Sneak (Vampire Enchanter)                Turns: 2394, Time: 00:07:53

Health: 0/38       AC:  4    Str:  9    XL:     5   Next: 14%
Magic:  6/8        EV: 13    Int: 17    God:
Gold:   126        SH:  0    Dex: 16    Spells: 2/8 levels left

rFire    . . .     SeeInvis +   i - +0 dagger (venom)
rCold    + + .     Gourm    .   (no shield)
rNeg     + + +     Faith    .   b - +0 robe
rPois    ∞         Spirit   .   (no helmet)
rElec    .         Reflect  .   (no cloak)
rCorr    .         Harm     .   k - +0 pair of gloves
MR       .....                  g - +1 pair of boots
Stlth    ++++++....             (no amulet)
Regen    0.0/turn               (no ring)
MPRegen  0.2/turn               (no ring)

@: very slightly contaminated, bloodless, non-regenerating
A: fangs 3, see invisible, deformed body, poison resistance, strong 1,
unbreathing
a: Bat Form


You were on level 3 of the Dungeon.
You were bloodless.

You visited 1 branch of the dungeon, and saw 3 of its levels.

You collected 126 gold pieces.

Inventory:

Hand Weapons
 a - a +2 dagger
 i - a +0 dagger of venom (weapon)
Armour
 b - a +0 robe (worn)
 g - a +1 pair of boots (worn)
 k - a +0 pair of gloves (worn)
 m - a +2 large shield
Scrolls
 e - 5 scrolls of teleportation
 j - a scroll of remove curse
 l - 2 scrolls of blinking {unknown}
 n - a scroll of fog {unknown}
Potions
 d - 18 potions of blood
 f - 2 potions of might
Books
 c - a book of Maledictions

   Spells                             Type                      Level
   a - Corona                         Hexes                        1
   b - Ensorcelled Hibernation        Hexes/Ice                    2
   c - Confuse                        Hexes                        3
   d - Tukima's Dance                 Hexes                        3
   e - Dazzling Spray                 Conjuration/Hexes            3


   Skills:
 - Level 2.0 Fighting
 + Level 2.5 Short Blades
 - Level 2.1 Dodging
 - Level 7.3 Stealth
 - Level 2.0 Spellcasting
 - Level 4.4 Hexes


You had 2 spell levels left.
You knew the following spells:

 Your Spells              Type           Power        Failure   Level  Hunger
a - Corona                Hex            ###....      3%          1    #......
b - Ensorcelled Hibernat  Hex/Ice        #.....       12%         2    ###....
c - Confuse               Hex            ###.....     10%         3    ###....


Dungeon Overview and Level Annotations

Branches:
Dungeon (3/15)

Altars:
Fedhas


Innate Abilities, Weirdness & Mutations

You do not heal naturally.
You are immune to poison.
You have razor-sharp teeth.
You have supernaturally acute eyesight. (SInv)
You can survive without breathing.
Armour fits poorly on your strangely shaped body.
Your system is resistant to poisons. (rPois)
Your muscles are strong. (Str +2)


Message History

2 gnolls come into view. 2 gnolls come into view.
Found 13 gold pieces.
The gnoll misses you.
The gnoll shouts!
Casting: Ensorcelled Hibernation
Confirm with . or Enter, or press ? or * to list all spells.
Aiming: Ensorcelled Hibernation
Press: ? - help, Shift-Dir - straight line, f - gnoll
Aim: a gnoll, wielding a halberd (chance to defeat MR: 50%)
You miscast Ensorcelled Hibernation.
You are very lightly contaminated with residual magic.
Nothing appears to happen.
The gnoll shouts!
The gnoll hits you!
The gnoll hits you from afar with a spear!
The gnoll hits you with a halberd!
* * * LOW HITPOINT WARNING * * *
The gnoll hits you from afar with a halberd!
You die...

#.# #.# #.# #.#
#.# ##.##
####.######.#.####
#..........###....
#.##.######.#.####
#.##.# ##...##
#.##.######.....#
#@##........P.P.#
#g#########.._..##


#ggg# #.P.P..# .....# #......# ###.$.# ###..#.# ##############......
#..............##### #.################## #######.###### ...... You could see 4
gnolls.

Vanquished Creatures
  3 orc wizards (D:3)
  2 adders (D:2)
  2 worms (D:2)
  4 dart slugs
  A leopard gecko (D:2)
  5 orcs (D:3)
  4 giant cockroaches
  A goblin (D:2)
  3 hobgoblins
  10 kobolds
  2 quokkas
  5 bats
  A frilled lizard (D:3)
43 creatures vanquished.

Notes
Turn   | Place    | Note
-------+----------+-------------------------------------------
     0 | D:1      | Murumi the Vampire Enchanter began the quest for the Orb.
     0 | D:1      | Reached XP level 1. HP: 13/13 MP: 3/3
     3 | D:1      | Noticed an electric eel
     3 | D:1      | Noticed an electric eel
   229 | D:1      | Reached skill level 5 in Stealth
   254 | D:1      | Reached XP level 2. HP: 16/19 MP: 3/5
   258 | D:1      | Learned a level 2 spell: Ensorcelled Hibernation
   759 | D:1      | Reached skill level 1 in Fighting
  1106 | D:2      | Reached XP level 3. HP: 27/27 MP: 6/6
  1487 | D:2      | Learned a level 3 spell: Confuse
  1630 | D:2      | Reached skill level 6 in Stealth
  1934 | D:3      | Reached XP level 4. HP: 20/33 MP: 1/7
  1951 | D:3      | Reached skill level 7 in Stealth
  1955 | D:3      | Reached XP level 5. HP: 34/38 MP: 3/8
  2302 | D:3      | Gained mutation: Armour fits poorly on your strangely shaped body. [potion of mutation]
  2302 | D:3      | Gained mutation: Your muscles are strong. (Str +2) [potion of mutation]
  2302 | D:3      | Gained mutation: Your system is resistant to poisons. (rPois) [potion of mutation]
  2366 | D:3      | Found a blossoming altar of Fedhas.
  2394 | D:3      | Slain by a gnoll

Vault maps used:
D:1:      arrival_aquarium_b
D:3:      nicolae_overflow_hidden_temple, first_bread, fedhas_altar_1

Skill      XL: |  1  2  3  4 |
---------------+-------------+-----
Stealth        | 5 6 7 |  7.3
Fighting       | 1 2 |  2.0
Short Blades   | 2 |  2.5
Dodging        | |  2.1
Spellcasting   | |  2.0
Hexes          | |  4.4

Action                   |  1- 3 |  4- 6 || total
-------------------------+-------+-------++-------
Melee: Dagger            |    77 |    41 ||   118
       Bite              |     8 |     2 ||    10
 Cast: Corona            |     5 |       ||     5
       Ensorcelled Hiber |    13 |    11 ||    24
  Use: Scroll            |     6 |     1 ||     7
       Potion            |       |     2 ||     2
 Stab: Sleeping          |    15 |     7 ||    22
Armor: Robe              |    22 |     8 ||    30
Dodge: Dodged            |    40 |    25 ||    65
